 Dungeon Sprint DCSS version 0.14-a0-3512-gf874658 (console) character file.

43 rchandra the Sneak (level 3, -5/24 HPs)
             Began as a Vampire Enchanter on Mar 27, 2014.
             Slain by a water elemental (17 damage)
             ... in the Dungeon (Sprint III: "The Ten Rune Challenge").
             The game lasted 00:02:52 (3115 turns).

rchandra the Sneak (Vampire Enchanter)              Turns: 3115, Time: 00:02:52

HP  -5/24        AC  3     Str  7      XL: 3   Next:  1%
MP   6/6         EV 12     Int 18      God:
Gold 14          SH  0     Dex 14      Spells:  3 memorised,  0 levels left

rFire  . . .     SeeInvis +     b - +1,+0 bow
rCold  + + .     Clarity  .     e - +1 robe
rNeg   + + +     Conserve .     (no shield)
rPois  +         rCorr    .     (no helmet)
rElec  .         rRot     +     (no cloak)
SustAb . .       Spirit   .     (no gloves)
rMut   .         Warding  .     (no boots)
Saprov . . .     NoTele   +     (no amulet)
MR     .....                    (no ring)
                                (no ring)

@: non-regenerating, not resistant to hostile enchantments, very stealthy
A: fangs 3, see invisible, unbreathing
a: Bat Form


You were in the Dungeon.
You were bloodless.

You visited 1 branch You collected 14 gold pieces.

Inventory:

Hand weapons
 a - a +1,+1 dagger
 b - a +1,+0 bow (weapon)
Missiles
 d - 10 darts
 m - 13 arrows of dispersal (quivered) {=f}
Armour
 e - a +1 robe (worn)
Scrolls
 k - a scroll of blinking
 l - a scroll of enchant weapon II {unknown}
 o - 2 scrolls of holy word {unknown}
 p - 2 scrolls of identify {unknown}
 q - 3 scrolls of remove curse
Potions
 f - 2 potions of curing
 g - a potion of heal wounds
 h - a potion of haste
 i - 2 potions of magic
 n - a potion of mutation {unknown}
 s - a potion of flight {unknown}
 t - a potion of decay {unknown}
 u - a potion of brilliance {unknown}
Books
 c - a book of Maledictions

   Spells                             Type                      Level
   *Corona                            Hexes                        1
   Sure Blade                         Hexes/Charms                 2
   *Ensorcelled Hibernation           Hexes/Ice                    2
   *Confuse                           Hexes                        3
   Enslavement                        Hexes                        4
   Invisibility                       Hexes                        6


   Skills:
 + Level 4.6 Short Blades
 - Level 0.7 Throwing
 - Level 2.1 Dodging
 + Level 7.3 Stealth
 + Level 2.0 Spellcasting
 + Level 4.4 Hexes
 + Level 0.0 Ice Magic


You couldn't memorise any spells.
You knew the following spells:

 Your Spells              Type           Power        Failure   Level  Hunger
k - Ensorcelled Hibernat  Hex/Ice        #.....       12%         2    ##.....
u - Confuse               Hex            ###.....     12%         3    ####...
y - Corona                Hex            ###....      3%          1    #......


Dungeon Overview and Level Annotations

Branches:
Dungeon (1/1)

Altars:


Innate Abilities, Weirdness & Mutations

You do not heal naturally.
You have razor-sharp teeth.*
You have supernaturally acute eyesight.
You can survive without breathing.*


Message History

Press: ? - help, Shift-Dir - straight line, f/p - water elemental
Aim: a water elemental (moderately damaged)
You shoot an arrow of dispersal {=f}.
The arrow of dispersal hits the water elemental.
The water elemental blinks!
The water elemental is heavily damaged.
Firing (i - inventory. (,) - cycle):
m - 15 arrows of dispersal (quivered)
{=f}
Press: ? - help, Shift-Dir - straight line, f/p - water elemental
Aim: a water elemental (heavily damaged)
You shoot an arrow of dispersal {=f}.
The arrow of dispersal hits the water elemental.
The water elemental is heavily damaged.
Firing (i - inventory. (,) - cycle):
m - 14 arrows of dispersal (quivered)
{=f}
Press: ? - help, Shift-Dir - straight line, f/p - water elemental
Aim: a water elemental (heavily damaged)
You shoot an arrow of dispersal {=f}.
The arrow of dispersal misses the water elemental.
The water elemental hits you!
Ouch! That really hurt!
You die...

▓▓▓▓▓▓▓▓▓▓▓▓▓▓▓ ▓▓▓
▓<.#%.'.....777 7.#
▓..#!.#......7777.#
▓#'####....777777.#
▓.....#....≈.7777.###+
▓.....#...≈≈7777..#...
▓.....#..≈≈≈≈7777.'.⌠.
▓####'#..≈≈≈≈≈≈.7.#...
▓...EV#.≈≈≈≈≈≈....#.⌠.
▓..(..#.≈≈≈≈≈.....#...
▓.....#.≈≈≈.......#+##
▓'#####.......)...#
▓..E..............#
▓▓▓▓▓▓▓▓▓▓▓▓▓▓▓▓▓▓▓


You could see a water elemental.

Vanquished Creatures
  An elf (D)
  A giant mite (D)
  A phantom (D)
  An ooze (D)
  2 rats (D)
6 creatures vanquished.

Vanquished Creatures (others)
  2 draconian scorchers (D)
  A yaktaur (D)
  5 plants (D)
8 creatures vanquished.

Grand Total: 14 creatures vanquished

Notes
Turn   | Place    | Note
--------------------------------------------------------------
     0 | D        | rchandra, the Vampire Enchanter, began the quest for the Orb.
     0 | D        | Reached XP level 1. HP: 13/13 MP: 3/3
     7 | D        | Huge Dmg: 5 dmg
     8 | D        | Reached skill level 2 in Short Blades
     8 | D        | Reached skill level 4 in Stealth
   256 | D        | Killed a white draconian scorcher
   452 | D        | Killed a white draconian scorcher
  2072 | D        | Killed a yaktaur
  2526 | D        | Huge Dmg: 3 dmg
  2526 | D        | Reached skill level 3 in Short Blades
  2526 | D        | Reached skill level 5 in Stealth
  2526 | D        | Reached XP level 2. HP: 11/19 MP: 2/4
  2530 | D        | Learned a level 2 spell: Ensorcelled Hibernation
  2561 | D        | Huge Dmg: 5 dmg
  2563 | D        | Reached skill level 4 in Short Blades
  2563 | D        | Reached skill level 7 in Stealth
  3041 | D        | Reached XP level 3. HP: 24/24 MP: 6/6
  3046 | D        | Learned a level 3 spell: Confuse
  3085 | D        | Noticed a water elemental
  3088 | D        | Huge Dmg: 11 dmg
  3115 | D        | Slain by a water elemental

Action                   || total
-------------------------++-------
Melee: Dagger            ||    15
 Fire: Bow               ||     5
Throw: Dart              ||     2
 Cast: Corona            ||     3
       Ensorcelled Hiber ||     1
 Stab: Sleeping          ||     4

Vault maps used:
D:        dungeon_sprint_mu
